 Dungeon Crawl Stone Soup version 0.31-a0-193-gdfe2569204 (webtiles) character file.

Game seed: 941925159192958539

74 qw the Shooter (level 4, -3/25 HPs)
             Began as a Deep Elf Hunter on June 24, 2023.
             Slain by a cerulean imp
             ... wielding a +4 spear
             ... summoned by Natasha
              (9 damage)
             ... on level 2 of the Dungeon.
             The game lasted 00:00:21 (951 turns).

qw the Shooter (Deep Elf Hunter)                     Turns: 951, Time: 00:00:22

Health: -3/25      AC:  3    Str: 10    XL:     4   Next: 9%
Magic:  6/6        EV: 12    Int: 14    God:
Gold:   31         SH:  0    Dex: 18    Spells: 3/3 levels left

rFire   . . .        Y - +1 shortbow
rCold   . . .        (shield currently unavailable)
rNeg    . . .        c - +0 leather armour
rPois   .            (no helmet)
rElec   .            (no cloak)
rCorr   .            (no gloves)
SInv    .            (no boots)
Will    .....        (no amulet)
Stlth   ++           (no ring)
HPRegen 0.24/turn    (no ring)
MPRegen 0.10/turn

%: no passive effects
@: slowed, very slow
A: no striking features
a: no special abilities


You were on level 2 of the Dungeon.
You visited 1 branch of the dungeon, and saw 2 of its levels.

You collected 31 gold pieces.


   Skills:
 - Level 1.5 Fighting
 + Level 7.5 Ranged Weapons
 - Level 2.4 Dodging
 - Level 1.2 Stealth


You had 3 spell levels left.
You didn't know any spells.
Your spell library was empty.

Inventory:

Hand Weapons
 Y - a +1 shortbow (weapon)
Armour
 c - a +0 leather armour (worn)
Scrolls
 a - a scroll of brand weapon {unknown}
Potions
 d - a potion of resistance
 g - a potion of cancellation {unknown}

Dungeon Overview and Level Annotations

Branches:
Dungeon (2/15)

Altars:

Annotations:
D:2 Natasha


Message History

942 ||| FLEEEEING.
You shoot an arrow. The arrow hits the cerulean imp!
The cerulean imp is almost dead.
Natasha mumbles some strange words.
You shoot an arrow. The arrow hits the cerulean imp.
The cerulean imp is almost dead.
The cerulean imp hits you from afar with a +1 spear.
You shoot an arrow. The arrow hits the cerulean imp!
You kill the cerulean imp!
The cerulean imp disappears in a puff of smoke!
Natasha stares at you and mumbles some strange words.
The magic dart hits you.
You shoot an arrow. The arrow hits Natasha!
Natasha is severely wounded.
Natasha casts a spell at you.
You feel yourself slow down.
You shoot an arrow.
The arrow hits Natasha but does no damage.
Natasha is severely wounded.
Natasha wildly gestures.
You feel disoriented.
You shoot an arrow. The arrow barely misses Natasha.
The arrow hits the cerulean imp but does no damage.
Natasha casts a spell at you.
You feel as though you will be slow longer.
You shoot an arrow. The arrow barely misses Natasha.
The arrow hits the cerulean imp!
The cerulean imp is heavily wounded.
Natasha mumbles some strange words.
You shoot an arrow.
The arrow barely misses the cerulean imp.
The arrow hits Natasha.
Natasha is almost dead.
Natasha mumbles some strange words.
The cerulean imp hits you with a +4 spear.
You shoot an arrow. The arrow hits the cerulean imp.
The cerulean imp is heavily wounded.
The cerulean imp hits you with a +4 spear.
The cerulean imp hits you with a +4 spear!
You die...

###...###
#.......#
#.#...#.#
#...###.#
##.## #.#
#.# #.#
#.# #.#
#.# #.#
#.# #@#
#.# #5#
#.# #h#
#.# #5#
#5# #.#
... #%.
#.#


You could see Natasha (empowered) and 3 cerulean imps.

Vanquished Creatures
  Natasha (twice) (D:2)
  2 endoplasms (D:1)
  3 giant cockroaches
  2 goblins
  4 hobgoblins
  2 kobolds (D:1)
  A quokka (D:1)
  A ball python (D:1)
  4 bats
  3 rats
24 creatures vanquished.

Notes
Turn   | Place    | Note
-------+----------+-------------------------------------------
     0 | D:1      | qw the Deep Elf Hunter began the quest for the Orb.
     0 | D:1      | Reached XP level 1. HP: 12/12 MP: 3/3
     0 | D:1      | 0 ||| qw: Version: 0.3-a-9-g12657ce
     0 | D:1      | 0 ||| qw: Game counter: 4660
     0 | D:1      | 0 ||| qw: Always use a shield: true
     0 | D:1      | 0 ||| qw: God list: Okawaru
     0 | D:1      | 0 ||| qw: Allow faded altars: false
     0 | D:1      | 0 ||| qw: Do Orc after D:15 true
     0 | D:1      | 0 ||| qw: Do second Lair branch before Depths: true
     0 | D:1      | 0 ||| qw: Lair rune preference: random
     0 | D:1      | 0 ||| qw: Plans: Normal
     0 | D:1      | 0 ||| PLANNING D:1-11
   407 | D:1      | Reached XP level 2. HP: 16/16 MP: 4/4
   409 | D:1      | Reached skill level 6 in Ranged Weapons
   715 | D:1      | 715 ||| Stepping ~*~*~tactically~*~*~ (water).
   722 | D:1      | 722 ||| READING scroll labelled GUGAGUGRUF.
   727 | D:1      | 727 ||| READING scroll labelled SIROUR USTRI.
   728 | D:1      | 728 ||| READING scroll labelled ACAANE ASHROGG.
   729 | D:1      | 729 ||| DRINKING 2 viscous grey potions.
   732 | D:1      | 732 ||| DROPPING scroll of butterflies.
   733 | D:1      | 733 ||| DROPPING potion of ambrosia.
   811 | D:2      | Noticed Natasha
   816 | D:2      | Killed Natasha
   817 | D:2      | Reached skill level 7 in Ranged Weapons
   817 | D:2      | Reached XP level 3. HP: 11/20 MP: 5/5
   850 | D:2      | Noticed Natasha
   855 | D:2      | Killed Natasha
   856 | D:2      | Reached XP level 4. HP: 25/25 MP: 6/6
   938 | D:2      | Noticed Natasha
   942 | D:2      | 942 ||| FLEEEEING.
   951 | D:2      | HP: 6/25 [cerulean imp/+4 spear[Natasha] (3)]
   951 | D:2      | Slain by a cerulean imp

Levels and vault maps discovered:
D:1:      tarquinn_simple_flora_water_a, layout_basic, serial_bayou_ford_a
D:2:      layout_loops_ring, shapermc_ecumenical_altar_mp_ritualfount,
          serial_shops, nicolae_shop_tiny_waterfront, uniq_terence,
          uniq_sigmund, uniq_natasha

Skill      XL: |  1  2 |
---------------+-------+-----
Ranged Weapons | 7 |  7.5
Fighting       | |  1.5
Dodging        | |  2.4
Stealth        | |  1.2

Action                     |  1- 3 |  4- 6 || total
---------------------------+-------+-------++-------
   Fire: Shortbow          |    48 |    32 ||    80
    Use: Scroll            |     3 |       ||     3
         Potion            |     1 |       ||     1
 Armour: Leather armour    |     3 |     1 ||     4
  Dodge: Dodged            |     8 |     3 ||    11

Table legend:
 A = Non-vault XP
 B = Vault XP
 C = Vault XP percentage of total XP
 D = Non-vault monster count
 E = Vault monster count
 F = Vault count percentage of total count
                 A         B        C        D         E       F
            +---------+---------+-------+---------+---------+-------
      Total |      71 |      35 |  33.0 |      23 |       1 |   4.2
            +---------+---------+-------+---------+---------+-------
        D:1 |      24 |       0 |   0.0 |      15 |       0 |   0.0
        D:2 |      47 |      35 |  42.7 |       8 |       1 |  11.1
            +---------+---------+-------+---------+---------+-------
